 Dungeon Crawl Stone Soup version 0.26.1-11-gd32895ea62 (webtiles) character file.

Game seed: 9435529209795257066

126 nothank2 the Shield-Bearer (level 5, -1/42 HPs)
             Began as a Formicid Fighter on July 14, 2021.
             Slain by an adder (2 damage)
             ... on level 2 of the Dungeon.
             The game lasted 00:02:25 (1410 turns).

nothank2 the Shield-Bearer (Formicid Fighter)       Turns: 1410, Time: 00:02:26

Health: -1/42      AC:  7    Str: 21    XL:     5   Next: 31%
Magic:  5/5        EV:  8    Int:  8    God:
Gold:   94         SH:  0    Dex: 10    Spells: 4/4 levels left

rFire    . . .     SeeInvis +   a - +0 long sword
rCold    . . .     Faith    .   c - +0 kite shield
rNeg     . . .     Spirit   .   b - +0 scale mail
rPois    .         Reflect  .   (helmet unavailable)
rElec    .         Harm     .   (no cloak)
rCorr    .         Rampage  .   (no gloves)
Will     .....                  (no boots)
Stlth    ..........             (no amulet)
HPRegen  0.14/turn              (no ring)
MPRegen  0.09/turn              (no ring)

@: confused, mighty, lethally poisoned (-1 -> -3)
A: permanent stasis, dig shafts and tunnels, four strong arms, antennae 3
a: Dig, Shaft Self


You were on level 2 of the Dungeon.
You visited 1 branch of the dungeon, and saw 2 of its levels.

You collected 94 gold pieces.

Inventory:

Hand Weapons
 a - a +0 long sword (weapon)
Missiles
 e - 7 javelins (quivered)
Armour
 b - a +0 scale mail (worn)
 c - a +0 kite shield (worn)
Scrolls
 f - a scroll of fog {unknown}
 h - 2 scrolls of identify {unknown}
 i - a scroll of magic mapping {unknown}
 j - a scroll of enchant armour {unknown}
 n - a scroll of remove curse {unknown}
Potions
 d - a potion of might
 g - a potion of flight {unknown}
 k - a potion of magic {unknown}
 l - a potion of curing {unknown}
 m - a potion of degeneration {unknown}


   Skills:
 + Level 4.0 Fighting
 * Level 3.5 Long Blades
 + Level 4.0 Armour
 + Level 4.4 Shields


You had 4 spell levels left.
You didn't know any spells.
Your spell library was empty.

Dungeon Overview and Level Annotations

Branches:
Dungeon (2/15)

Altars:

Annotations:
D:2 Sigmund


Innate Abilities, Weirdness & Mutations

You cannot be hasted, slowed, berserked, paralysed or teleported.
You can dig through walls and to a lower floor.
Your four strong arms can wield two-handed weapons with a shield.
You have a pair of large antennae on your head. (SInv)


Message History

You are confused.
You barely miss the adder. The adder bites you but does no damage.
Sigmund hits you with a +0 scythe.
* * * LOW HITPOINT WARNING * * *
The adder bites you.
* * * LOW HITPOINT WARNING * * *
You are more poisoned.
The adder poisons you!
You feel very mighty all of a sudden.
* * * LOW HITPOINT WARNING * * *
You feel sick. The adder completely misses you.
Sigmund hits you with a +0 scythe.
* * * LOW HITPOINT WARNING * * *
You're too confused to move!
The adder closely misses you. The adder bites you but does no damage.
You barely miss the adder.
* * * LOW HITPOINT WARNING * * *
You feel sick.
Sigmund drinks a potion.
Sigmund seems to speed up.
The adder bites you.
You die...

#. .### .# ..... ...#.#
.### .##.###.#.#.#< ...
.##.##.......# #..#
.##.##....#.# ...####
.##.#.......# ......#
.##.......#.# ##@.....#
.##......###.###@.......
..#.>#....###...S#......
##...#.....#.......##..#
#...####.#?####.#.# #
##........### #.#...
........... ... ###
.#.######### #.#. .#.#
#.#.# .#[# .. #


You could see Sigmund (fast, invisible) and an adder.

Vanquished Creatures
  Jessica (D:2)
  Natasha (twice) (D:2)
  An adder (D:2)
  A dart slug (D:1)
  6 giant cockroaches
  4 goblins (D:1)
  6 hobgoblins (D:1)
  4 jackals (D:1)
  6 bats
  A frilled lizard (D:1)
  3 kobolds (D:1)
  3 rats (D:1)
38 creatures vanquished.

Notes
Turn   | Place    | Note
-------+----------+-------------------------------------------
     0 | D:1      | nothank2 the Formicid Fighter began the quest for the Orb.
     0 | D:1      | Reached XP level 1. HP: 18/18 MP: 1/1
   117 | D:1      | Reached XP level 2. HP: 24/24 MP: 2/2
   645 | D:1      | Reached XP level 3. HP: 29/29 MP: 3/3
  1039 | D:2      | Noticed Jessica
  1042 | D:2      | Killed Jessica
  1043 | D:2      | Reached XP level 4. HP: 30/37 MP: 4/4
  1143 | D:2      | Noticed Natasha
  1151 | D:2      | Killed Natasha
  1185 | D:2      | Noticed Natasha
  1194 | D:2      | Killed Natasha
  1195 | D:2      | Reached XP level 5. HP: 24/42 MP: 5/5
  1395 | D:2      | Noticed Sigmund
  1408 | D:2      | HP: 2/42 [Sigmund/+0 scythe (2)]
  1410 | D:2      | Slain by an adder

Illustrated notes

Levels and vault maps discovered:
D:1:      dpeg_arrival_boxes_within_box, layout_basic, minmay_box_of_dots
D:2:      layout_loops_ring, makhleb_blood_cavern_becter, uniq_sigmund,
          uniq_robin, uniq_jessica, uniq_natasha

Skill      XL: |  1  2  3  4 |
---------------+-------------+-----
Shields        | 4 |  4.4
Long Blades    | 3 |  3.5
Fighting       | 4 |  4.0
Armour         | 4 |  4.0

Action                   |  1- 3 |  4- 6 || total
-------------------------+-------+-------++-------
Melee: Long sword        |   100 |    42 ||   142
  Use: Potion            |       |     1 ||     1
Armor: Scale mail        |    47 |    12 ||    59
Dodge: Dodged            |    37 |    16 ||    53
Block: Kite shield       |    66 |    15 ||    81
       Rpst.: Long sword |    11 |     4 ||    15
